 Dungeon Crawl Stone Soup version 0.26.1-11-gd32895ea62 (webtiles) character file.

Game seed: 1161768932129199783

131 Zeld the Sneak (level 5, -3/34 HPs)
             Began as an Octopode Brigand on May 15, 2021.
             Slain by an orc
             ... wielding a +0 hand axe
              (6 damage)
             ... on level 3 of the Dungeon.
             The game lasted 00:02:18 (3151 turns).

Zeld the Sneak (Octopode Brigand)                   Turns: 3151, Time: 00:02:19

Health: -3/34      AC:  1    Str: 11    XL:     5   Next: 14%
Magic:  8/8        EV: 13    Int: 14    God:
Gold:   138        SH:  0    Dex: 13    Spells: 8/8 levels left

rFire    . . .     SeeInvis .   a - +2 dagger
rCold    . . .     Faith    .   (no shield)
rNeg     . . .     Spirit   .   (helmet restricted)
rPois    .         Reflect  .   (no amulet)
rElec    .         Harm     .   (no ring)
rCorr    .         Rampage  .   (no ring)
Will     .....                  (no ring)
Stlth    ++++......             (no ring)
HPRegen  0.11/turn              (no ring)
MPRegen  0.11/turn              (no ring)
                                (no ring)
                                (no ring)

@: slowed, very slow
A: almost no armour, stealthy swim, amphibious, 8 rings, constrict 8, camouflage
1, gelatinous body 1
a: no special abilities


You were on level 3 of the Dungeon.
You visited 1 branch of the dungeon, and saw 3 of its levels.

You collected 138 gold pieces.

Inventory:

Hand Weapons
 a - a +2 dagger (weapon)
Missiles
 b - 29 poisoned darts (quivered)
 c - 2 curare-tipped darts
Jewellery
 g - an uncursed amulet of magic regeneration {unknown}
Scrolls
 d - 4 scrolls of teleportation {unknown}
 e - a scroll of immolation {unknown}
 h - 3 scrolls of identify {unknown}
 j - a scroll of enchant armour {unknown}
 k - a scroll of fog {unknown}
 l - 3 scrolls of remove curse {unknown}
Potions
 f - a potion of berserk rage {unknown}
 i - a potion of mutation {unknown}
 m - a potion of lignification {unknown}


   Skills:
 - Level 2.0 Fighting
 * Level 4.3 Short Blades
 - Level 2.0 Throwing
 - Level 1.0 Dodging
 - Level 5.3 Stealth
 + Level 2.2 Spellcasting


You had 8 spell levels left.
You didn't know any spells.
Your spell library was empty.

Dungeon Overview and Level Annotations

Branches:
Dungeon (3/15)

Altars:

Annotations:
D:2 Sigmund


Innate Abilities, Weirdness & Mutations

You cannot wear most types of armour.
You are very stealthy in the water. (Stealth+)
You are amphibious.
You can wear up to eight rings at the same time.
You can use your tentacles to constrict eight enemies at once.
Your skin changes colour to match your surroundings (Stealth+).
Your rubbery body absorbs attacks. (AC +1, EV +1)


Message History

You have reached level 5!
You feel clever.
Unknown command.
You hit the orc. Your grab misses the orc.
The orc is heavily wounded.
The orc hits you with a +0 hand axe.
* * * LOW HITPOINT WARNING * * *
The orc hits you but does no damage.
You barely miss the orc. Your grab misses the orc.
The orc is heavily wounded.
A jackal comes into view.
The orc barely misses you.
You closely miss the orc.
The jackal barks!
You grab the orc.
The orc is heavily wounded.
You constrict the orc.
A jackal comes into view.
The orc hits you with a +0 hand axe.
You die...

#.#........(...####.#
...................h.
#.####............h#..
#.# #.########....#
#.# #.# #....# #.# #.#
#....# #.# #.# #.r..#
#.# #.# #o# #.# #.#
####@## #.# #.#
#.....# # #.....# #
#.....# # #.....+
#############.....#
..................+
#############.....#
##......#


You could see an orc, a quokka and 2 jackals.

Vanquished Creatures
  Natasha (D:3)
  4 adders
  An ooze (D:1)
  2 worms (D:2)
  2 dart slugs
  A leopard gecko (D:1)
  3 bat skeletons (D:2)
  A giant cockroach (D:1)
  5 goblins (D:1)
  10 hobgoblins
  5 jackals
  3 kobolds
  3 bats
  6 frilled lizards
  7 rats
54 creatures vanquished.

Notes
Turn   | Place    | Note
-------+----------+-------------------------------------------
     0 | D:1      | Zeld the Octopode Brigand began the quest for the Orb.
     0 | D:1      | Reached XP level 1. HP: 14/14 MP: 1/1
   342 | D:1      | Reached XP level 2. HP: 19/19 MP: 2/2
   400 | D:1      | Reached skill level 1 in Spellcasting
   697 | D:1      | Reached XP level 3. HP: 20/24 MP: 4/4
  1772 | D:2      | Noticed Sigmund
  2632 | D:2      | Reached XP level 4. HP: 29/29 MP: 6/6
  3135 | D:3      | Noticed Natasha
  3148 | D:3      | Killed Natasha
  3149 | D:3      | Reached XP level 5. HP: 5/34 MP: 8/8
  3151 | D:3      | Slain by an orc

Illustrated notes

Levels and vault maps discovered:
D:1:      elethiomel_arrival_infinity_welcomes_careful_drivers, layout_basic
D:2:      layout_rooms, serial_undead, serial_undead_a, serial_undead_d,
          serial_undead_d, serial_undead_d, serial_undead_b, serial_undead_d,
          minmay_quadrilaterals, uniq_sigmund
D:3:      layout_basic, uniq_natasha

Skill      XL: |  1  2  3  4 |
---------------+-------------+-----
Spellcasting   | 1 2 |  2.2
Short Blades   | 3 4 |  4.3
Fighting       | |  2.0
Throwing       | |  2.0
Dodging        | |  1.0
Stealth        | |  5.3

Action                   |  1- 3 |  4- 6 || total
-------------------------+-------+-------++-------
Melee: Dagger            |    84 |    33 ||   117
       Constrict         |    23 |     7 ||    30
       Tentacles         |    14 |     3 ||    17
 Stab: Sleeping          |    10 |     4 ||    14
Armor: Skin              |     8 |     5 ||    13
Dodge: Dodged            |    61 |    21 ||    82
